 Dungeon Crawl Stone Soup version 0.19-a0-1823-g21c7ecd (webtiles) character file.

100 Naow the Cudgeler (level 4, -3/40 HPs)
             Began as a Deep Dwarf Fighter on Oct 7, 2016.
             Slain by a killer bee (5 damage)
             ... on level 8 of the Dungeon.
             The game lasted 00:05:11 (1834 turns).

Naow the Cudgeler (Deep Dwarf Fighter)              Turns: 1834, Time: 00:05:13

Health: -3/40      AC: 10    Str: 20    XL:     4   Next: 47%
Magic:  4/4        EV:  7    Int:  9    God:
Gold:   91         SH:  9    Dex: 12    Spells: 0 memorised, 3 levels left

rFire  . . .     SeeInvis .     a - +0 flail
rCold  . . .     Gourm    .     b - +0 scale mail
rNeg   . . .     Faith    .     c - +0 shield
rPois  .         Spirit   .     t - +0 helmet (curse)
rElec  .         Dismiss  .     j - +0 cloak
rCorr  .         Reflect  .     h - +0 pair of gloves
MR     .....     Harm     .     (no boots)
Stlth  +.........               (no amulet)
                                (no ring)
                                n - ring of stealth

@: lethally poisoned (-3 -> -3), non-regenerating
A: damage resistance, recharge devices, sense surroundings 1, slow regeneration
3
a: Device Recharging


You were on level 8 of the Dungeon.
You were not hungry.

You visited 1 branch of the dungeon, and saw 6 of its levels.

You collected 91 gold pieces.

Inventory:

Hand Weapons
 a - a +0 flail (weapon)
Armour
 b - a +0 scale mail (worn)
 c - a +0 shield (worn)
 h - a +0 pair of gloves (worn)
 j - a +0 cloak (worn)
 t - a cursed +0 helmet (worn)
Jewellery
 n - a ring of stealth (left hand)
Wands
 e - a wand of heal wounds (4/9)
Scrolls
 i - 2 scrolls of random uselessness {unknown}
 l - a scroll of enchant armour {unknown}
 o - 2 scrolls of identify {unknown}
 q - a scroll of immolation {unknown}
 s - a scroll of teleportation {unknown}
 u - a scroll of remove curse {unknown}
Potions
 d - a potion of might
 g - 3 potions of curing {unknown}
 p - a potion of agility {unknown}
 r - a potion of flight {unknown}
Comestibles
 f - 3 bread rations
 k - 3 meat rations
 m - a royal jelly
 v - a beef jerky


   Skills:
 - Level 2.6 Fighting
 + Level 4.8 Maces & Flails
 - Level 3.2 Armour
 - Level 3.2 Shields


You had 3 spell levels left.
You didn't know any spells.

Dungeon Overview and Level Annotations

Branches:
Dungeon (8/15)
 Temple: D:4-7         Lair: D:8-11

Altars:
Gozag
Nemelex Xobeh
Vehumet


Innate Abilities, Weirdness & Mutations

You are resistant to damage.
You can recharge devices by infusing magical energy.
You passively map a small area around you.
You do not regenerate.


Message History

5 killer bees, a centaur and a zombie come into view.
The killer bee buzzes angrily. x2; The centaur shouts!
Found 11 gold pieces and a knobbly runed staff.
The centaur wields a shortbow.
The centaur shoots an arrow.
You block the arrow. You block the killer bee's attack.
You see here an arrow.
The killer bee closely misses you.
The centaur unwields an uncursed shortbow.
You block the centaur's attack. You block the killer bee's attack.
The killer bee stings you.
* * * LOW HITPOINT WARNING * * *
You are poisoned.
The killer bee poisons you! The killer bee closely misses you.
You hit the centaur but do no damage. The killer bee stings you.
* * * LOW HITPOINT WARNING * * *
You block the killer bee's attack. x2
The centaur hits you but does no damage.
The killer bee stings you but does no damage.
The killer bee stings you.
You die...

* , * *, , ,, , *
*,** ** **,* , * ,
, * * , *
###.######### * ,
......yyy@c.# , *
.##....Zyy.......,
* *, ,
#.........#.##. **
, *
#$..............
..#.........#.#*.
, , #
#.......|.#.# *
............ . ,
....##.###.#. # ,
,*


You could see a centaur, 5 killer bees and a quokka zombie.

Vanquished Creatures
  A worker ant (D:4)
  2 adders (D:3)
  An ooze (D:1)
  An adder skeleton (D:4)
  2 worms (D:2)
  2 dart slugs
  2 leopard geckos
  An orc (D:7)
  5 bats (D:1)
  3 giant cockroaches
  4 goblins
  6 hobgoblins (D:1)
  3 kobolds
  2 ball pythons
  2 frilled lizards
  3 rats
40 creatures vanquished.

Notes
Turn   | Place    | Note
-------+----------+-------------------------------------------
     0 | D:1      | Naow the Deep Dwarf Fighter began the quest for the Orb.
     0 | D:1      | Reached XP level 1. HP: 20/20 MP: 1/1
    74 | D:1      | Reached XP level 2. HP: 25/27 MP: 2/2
    94 | D:1      | Reached skill level 3 in Maces & Flails
   241 | D:1      | Reached XP level 3. HP: 25/33 MP: 3/3
   643 | D:2      | Found a radiant altar of Vehumet.
  1269 | D:3      | Reached skill level 4 in Maces & Flails
  1284 | D:3      | Found a sparkling altar of Nemelex Xobeh.
  1358 | D:3      | Reached XP level 4. HP: 20/40 MP: 4/4
  1662 | D:4      | Found an opulent altar of Gozag.
  1778 | D:4      | You fall through a shaft for 3 floors!
  1795 | D:7      | Noticed an orc warrior
  1822 | D:7      | Noticed a centaur warrior zombie
  1831 | D:8      | Noticed a centaur
  1834 | D:8      | HP: 2/40 [killer bee (1)]
  1834 | D:8      | Slain by a killer bee

Vault maps used:
D:1:      eino_arrival_tree_alley
D:2:      overflow_temple_1_default
D:3:      nemelex_altar_shiori
D:4:      grunt_gozag_breadcrumbs, serial_shops, nicolae_shop_statue_plus
D:7:      lemuel_ice_statue, okawaru_humans, uniq_crazy_yiuf_cottage,
          uniq_joseph
D:8:      grunt_temple_overflow_order_and_chaos_1, erik_lair_orcish_takeover,
          special_room, serial_shops, shop, uniq_gastronok

Skill      XL: |  1  2  3 |
---------------+----------+-----
Maces & Flails | 3 4 |  4.8
Fighting       | |  2.6
Armour         | |  3.2
Shields        | |  3.2

Action                   |  1- 3 |  4- 6 || total
-------------------------+-------+-------++-------
Melee: Flail             |   118 |    29 ||   147
Evoke: Wand              |       |     1 ||     1
  Eat: Chunk             |     2 |     1 ||     3
Armor: Scale mail        |    55 |    12 ||    67
Dodge: Dodged            |    40 |     8 ||    48
Block: Shield            |    54 |    21 ||    75
